 Dungeon Crawl Stone Soup version 0.26.0-10-g1f06aea511 (webtiles) character file.

Game seed: 8825851257017721499

28 Dracia the Stinger (level 3, -1/21 HPs)
             Began as an Octopode Venom Mage on Jan 15, 2021.
             Slain by a gnoll
             ... wielding a cursed -2 spear
              (4 damage)
             ... on level 2 of the Dungeon.
             The game lasted 00:03:01 (1583 turns).

Dracia the Stinger (Octopode Venom Mage)            Turns: 1583, Time: 00:03:02

Health: -1/21      AC:  1    Str:  7    XL:     3   Next: 14%
Magic:  0/6        EV: 13    Int: 17    God:
Gold:   51         SH:  0    Dex: 13    Spells: 0/6 levels left

rFire    . . .     SeeInvis .   (no weapon)
rCold    . . .     Faith    .   (no shield)
rNeg     . . .     Spirit   .   (helmet restricted)
rPois    .         Reflect  .   (no amulet)
rElec    .         Harm     .   (no ring)
rCorr    .         Rampage  .   (no ring)
Will     .....                  (no ring)
Stlth    +++.......             (no ring)
HPRegen  0.07/turn              (no ring)
MPRegen  0.10/turn              (no ring)
                                (no ring)
                                (no ring)

@: no status effects
A: almost no armour, stealthy swim, amphibious, 8 rings, constrict 8, camouflage
1, gelatinous body 1
a: no special abilities


You were on level 2 of the Dungeon.
You visited 1 branch of the dungeon, and saw 2 of its levels.

You collected 51 gold pieces.


Innate Abilities, Weirdness & Mutations

You cannot wear most types of armour.
You are very stealthy in the water. (Stealth+)
You are amphibious.
You can wear up to eight rings at the same time.
You can use your tentacles to constrict eight enemies at once.
Your skin changes colour to match your surroundings (Stealth+).
Your rubbery body absorbs attacks. (AC +1, EV +1)


   Skills:
 - Level 2.0 Dodging
 + Level 2.9 Stealth
 - Level 2.0 Spellcasting
 - Level 1.0 Transmutations
 * Level 5.0 Poison Magic


You couldn't memorise any spells.
You knew the following spells:

 Your Spells              Type           Power        Failure   Level
p - Poisonous Vapours     Pois/Air       20%          11%         2
z - Sting                 Tmut/Pois      48%          5%          1
X - Ignite Poison         Fire/Tmut/Pois 8%           26%         3

Your spell library contained the following spells:

 Spells                   Type           Power        Failure   Level
 Olgreb's Toxic Radiance  Pois           18%          24%         4
 Mephitic Cloud           Conj/Pois/Air  7%           28%         3

Inventory:

Missiles
 f - a throwing net {=f=f}
Scrolls
 a - 2 scrolls of identify {unknown}
 b - a scroll of remove curse {unknown}
Potions
 c - 2 potions of ambrosia {unknown}
 d - a potion of might {unknown}
 e - a potion of heal wounds {unknown}

Dungeon Overview and Level Annotations

Branches:
Dungeon (2/15)

Altars:

. ..##
...[.
[....g###
.....g.@#
.....g###
#####


You could see 3 gnolls.


Message History

Aiming: Poisonous Vapours (safe; 11% risk of failure)
Press: ? - help, Dir - move target, f - gnoll
Aim: a gnoll, wielding a +0 halberd (asleep) Poisonous vapours surround the gnoll!
The gnoll shouts! x2; You hear a shout!
A gnoll comes into view. It is wielding a +0 spear.
The gnoll is engulfed in poison gas.
The gnoll is poisoned.
Casting: Poisonous Vapours (safe; 11% risk of failure)
Confirm with . or Enter, or press ? or * to list all spells.
Aiming: Poisonous Vapours (safe; 11% risk of failure)
Press: ? - help, Dir - move target, f - gnoll, p - gnoll
Aim: a gnoll, wielding a -2 spear Poisonous vapours surround the gnoll!
Unknown command.
Casting: Poisonous Vapours (safe; 11% risk of failure)
Confirm with . or Enter, or press ? or * to list all spells.
Aiming: Poisonous Vapours (safe; 11% risk of failure)
Press: ? - help, Dir - move target, f/p - gnoll
Aim: a gnoll, wielding a -2 spear Poisonous vapours surround the gnoll!
The gnoll is engulfed in poison gas.
The gnoll is poisoned.
The gnoll hits you from afar with a +0 spear!
Ouch! That really hurt!
* * * LOW HITPOINT WARNING * * *
The gnoll completely misses you.
The gnoll hits you from afar with a +0 spear!
* * * LOW HITPOINT WARNING * * *
Unknown command.
The gnoll hits you from afar with a cursed -2 spear.
You die...

Skill      XL: |  1  2  3 |
---------------+----------+-----
Poison Magic   | 4 5 |  5.0
Dodging        | |  2.0
Stealth        | |  2.9
Spellcasting   | |  2.0
Transmutations | |  1.0

Action                   || total
-------------------------++-------
Melee: Unarmed           ||    19
       Constrict         ||     5
       Tentacles         ||     4
 Cast: Sting             ||    23
       Poisonous Vapours ||     6
 Stab: Sleeping          ||     2
Armor: Skin              ||     1
Dodge: Dodged            ||    14

Levels and vault maps discovered:
D:1:      dpeg_arrival_erosion, layout_basic
D:2:      layout_basic, uniq_natasha

Notes
Turn   | Place    | Note
-------+----------+-------------------------------------------
     0 | D:1      | Dracia the Octopode Venom Mage began the quest for the Orb.
     0 | D:1      | Reached XP level 1. HP: 11/11 MP: 3/3
    65 | D:1      | Reached skill level 4 in Poison Magic
   322 | D:1      | Reached XP level 2. HP: 17/17 MP: 3/5
   325 | D:1      | Learned a level 2 spell: Poisonous Vapours
   923 | D:1      | Reached XP level 3. HP: 19/21 MP: 3/6
   927 | D:1      | Learned a level 3 spell: Ignite Poison
  1144 | D:1      | Reached skill level 5 in Poison Magic
  1583 | D:2      | Slain by a gnoll

Vanquished Creatures
  3 dart slugs (D:1)
  A giant cockroach (D:1)
  A goblin (D:1)
  3 hobgoblins (D:1)
  3 jackals (D:1)
  4 bats (D:1)
  3 frilled lizards (D:1)
  A kobold (D:1)
  3 rats (D:1)
22 creatures vanquished.

Table legend: (Time is in decaauts)
 A = Elapsed time spent in this place.
 B = Non-inter-level travel time spent in this place.
 C = Inter-level travel time spent in this place.
 D = Time resting spent in this place.
 E = Time spent auto-exploring this place.
 F = Levels seen in this place.
 G = Mean time per level.
                   A        B        C        D        E       F      G
               +--------+--------+--------+--------+--------+-----+--------+
         Total |   1582 |   1570 |     12 |      0 |   1442 |   2 |  791.0 |
       Dungeon |   1582 |   1570 |     12 |      0 |   1442 |   2 |  791.0 |
               +--------+--------+--------+--------+--------+-----+--------+

Top non-repeatable levels by time:
     D:1: 1578 daAuts
     D:2: 4 daAuts

Table legend:
 A = Non-vault XP
 B = Vault XP
 C = Vault XP percentage of total XP
 D = Non-vault monster count
 E = Vault monster count
 F = Vault count percentage of total count
                 A         B        C        D         E       F
            +---------+---------+-------+---------+---------+-------
      Total |      41 |       0 |   0.0 |      22 |       0 |   0.0
            +---------+---------+-------+---------+---------+-------
        D:1 |      41 |       0 |   0.0 |      22 |       0 |   0.0
            +---------+---------+-------+---------+---------+-------
